 Dungeon Crawl Stone Soup version 0.29.1-15-g9cfb28693d (webtiles) character file.

Game seed: 5516044678588932147

15 hawla the Firebug (level 2, -1/20 HPs)
             Began as a Meteoran Fire Elementalist on Feb 27, 2023.
             Succumbed to an orc wizard's poison
             ... on level 3 of the Dungeon.
             The game lasted 00:03:08 (489 turns).

hawla the Firebug (Meteoran Fire Elementalist)       Turns: 489, Time: 00:03:09

Health: -1/20      AC:  2    Str:  6 (9)  XL:     2   Next: 88%
Magic:  6/6        EV: 12    Int: 15 (16) God:
Gold:   70         SH:  0    Dex: 11 (14) Spells: 3/6 levels left

rFire   + . .      SeeInvis .   (no weapon)
rCold   + . .      Faith    .   (no shield)
rNeg    . . .      Spirit   .   a - +0 robe
rPois   +          Reflect  .   (no helmet)
rElec   +          Harm     .   (no cloak)
rCorr   +          Rampage  .   (no gloves)
Will    .....                   (no boots)
Stlth   +.........              (no amulet)
HPRegen 0.06/turn               (no ring)
MPRegen 0.10/turn               (no ring)

@: confused, mighty, brilliant, lethally poisoned (-1 -> -19), resistant,
hasted, glowing, very quick
A: sense surroundings 1, otherworldly, glowing, explore regen
a: no special abilities


You were on level 3 of the Dungeon.
You visited 1 branch of the dungeon, and saw 3 of its levels.

You collected 121 gold pieces.
You spent 51 gold pieces at shops.

Inventory:

Armour
 a - a +0 robe (worn)
Scrolls
 d - 5 scrolls of magic mapping {unknown}
 g - a scroll of blinking {unknown}
 h - 2 scrolls of poison {unknown}
 k - a scroll of amnesia {unknown}
 l - 2 scrolls of identify {unknown}
Potions
 c - a potion of haste


   Skills:
 + Level 2.5 Dodging
 - Level 1.4 Stealth
 + Level 2.9 Spellcasting
 + Level 1.4 Conjurations
 + Level 4.3 Fire Magic


You had 3 spell levels left.
You knew the following spells:

 Your Spells              Type           Power      Damage    Failure   Level
a - Foxfire               Conj/Fire      64%        2x1d7     6%          1
b - Scorch                Fire           44%        2d7       4%          2

Your spell library contained the following spells:

 Spells                   Type           Power      Damage    Failure   Level
 Conjure Flame            Conj/Fire      16%        6-21      19%         3
 Inner Flame              Hex/Fire       13%        N/A       26%         3
 Sublimation of Blood     Necr           3%         N/A       30%         2
 Flame Wave               Conj/Fire      16%        2d7       52%         4
 Petrify                  Tmut/Erth      3%         N/A       90%         4
 Irradiate                Conj/Tmut      3%         3d12      99%         5


Dungeon Overview and Level Annotations

Branches:
Dungeon (3/15) Zot: 1314

Altars:
Elyvilon

Shops:
D:3 :**


Innate Abilities, Weirdness & Mutations

You passively map a small area around you.
You are easily found by Zot.
You glow in the dark.
You regain HP and MP as you explore.


Message History

Something tries to affect you, but you resist.
Magic courses through your body.
You feel sick. The orc wizard casts a spell at you.
You are more confused.
It was a potion of haste.
You feel yourself speed up.
You feel sick. Something hits you. The orc wizard barely misses you.
It was a potion of degeneration.
There was something very wrong with that liquid.
You feel weakened.
You feel dopey.
You feel clumsy. Something hits you.
* * * LOW HITPOINT WARNING * * *
The orc wizard closely misses you.
It was a potion of heal wounds.
You feel much better.
You feel sick. Something hits you. The orc wizard barely misses you.
It was a potion of might.
You feel very mighty all of a sudden.
You feel sick.
It was a potion of brilliance.
You feel clever all of a sudden. Something hits you but does no damage.
The orc wizard casts a spell at you. The puff of flame misses you.
It was a potion of resistance.
You feel protected.
You feel sick.
The orc wizard hits you with a +2 dagger of venom.
You are lethally poisoned!
Something hits you but does no damage.
You're too confused to cast spells.
Sorry, you're not good enough to have a special ability.
You're too confused to move!
You feel sick.
You feel sick.
The orc wizard hits you with a +2 dagger of venom.
* * * LOW HITPOINT WARNING * * *
You are more poisoned.
* * * LOW HITPOINT WARNING * * *
You feel very sick.
The orc wizard gestures wildly while chanting.
The orc wizard flickers and vanishes!
You die...

###8.∩.8...+...'.....#..#....#.#
#...⌠.⌠..###...###.#.#..#.##.#.#
##.#8.8.8#..........#.#..#.##.#.#
.........#.##########.#..#.##.#.#
########.#.# #...........#.##.#.#
#.#.# #.######......##.#.#
#.#.###.#....#......##.#.# *
#....##.#.##,#.......#'#.#
#.>..#.....{@.#,#....###.....
#.##>#....{####,#............ #
..#......... #............
...##.....### #..#####.....
.....'............ ,,+.....
#.....#.....############.....
#.##..#.....#.............#.#
#..##.######.#########'#.# *
#...........)####........#


There were no monsters in sight!

Vanquished Creatures
  An orc (D:3)
  3 bats
  2 endoplasms
  2 hobgoblins (D:3)
  2 quokkas (D:2)
  A frilled lizard (D:1)
  A rat (D:3)
12 creatures vanquished.

Vanquished Creatures (others)
  32 foxfires
32 creatures vanquished.

Grand Total: 44 creatures vanquished

Notes
Turn   | Place    | Note
-------+----------+-------------------------------------------
     0 | D:1      | hawla the Meteoran Fire Elementalist began the quest for
                  | the Orb.
     0 | D:1      | Reached XP level 1. HP: 14/14 MP: 5/5
    89 | D:2      | Reached skill level 4 in Fire Magic
    89 | D:2      | Reached XP level 2. HP: 20/20 MP: 4/6
   113 | D:3      | Learned a level 2 spell: Scorch
   127 | D:3      | Found Ravax's Assorted Antiques.
   130 | D:3      | Bought a scroll labelled WOTIPNESAM for 17 gold pieces
   159 | D:3      | Found Inguss's Assorted Antiques.
   188 | D:3      | Bought a scroll labelled CAPNEP HEBLOZOA for 18 gold pieces
   188 | D:3      | Bought a viscous sapphire potion for 16 gold pieces
   320 | D:3      | Found a white marble altar of Elyvilon.
   370 | D:3      | Found Hocruore's Book Shoppe.
   489 | D:3      | Succumbed to an orc wizard's poison

Illustrated notes

Levels and vault maps discovered:
D:1:      ebering_hopf_link, layout_basic, minmay_tiny_reverse_x
D:2:      layout_rooms
D:3:      layout_basic, mainiacjoe_overflow_small_starburst, serial_shops,
          nicolae_shop_crystal, nicolae_shop_temple_entry_statues_fountains,
          nicolae_shop_behind_doors, shop, shop

Skill      XL: |  1 |
---------------+----+-----
Fire Magic     | 4 |  4.3
Dodging        | |  2.5
Stealth        | |  1.4
Spellcasting   | |  2.9
Conjurations   | |  1.4

Action                   || total
-------------------------++-------
Melee: Unarmed           ||     6
 Cast: Foxfire           ||    20
       Scorch            ||     5
  Use: Scroll            ||     1
       Potion            ||     7
Armor: Robe              ||     4
Dodge: Dodged            ||     8
